 Dungeon Crawl Stone Soup version 0.30-a0-739-gea05faddec (webtiles) character file.

Game seed: 6062171898741912212

146 cheesebisquit the Chopper (level 5, -20/45 HPs)
             Began as a Minotaur Berserker on Feb 4, 2023.
             Was a Believer of Trog.
             Demolished by an ogre
             ... wielding a +0 giant spiked club
              (27 damage)
             ... on level 4 of the Dungeon.
             The game lasted 00:08:32 (2459 turns).

cheesebisquit the Chopper (Minotaur Berserker)      Turns: 2459, Time: 00:08:33

Health: -20/45     AC:  8    Str: 23    XL:     5   Next: 7%
Magic:  4/4        EV: 10    Int:  4    God:    Trog [**....]
Gold:   284        SH:  0    Dex: 10    Spells: 4/4 levels left

rFire   . . .      SeeInvis .    m - +0 war axe
rCold   . . .      Faith    .    (no shield)
rNeg    . . .      Spirit   .    q - +0 scale mail
rPois   .          Reflect  .    (helmet restricted)
rElec   .          Harm     .    i - +1 cloak
rCorr   .          Rampage  .    (no gloves)
Will    ++...                    (no boots) Stlth
                                 (no amulet)
HPRegen 1.27/turn                (no ring)
MPRegen 0.09/turn                (no ring)

@: strong-willed, regenerating
A: horns 2, retaliatory headbutt
a: Renounce Religion, Berserk, Trog's Hand


You were on level 4 of the Dungeon.
You worshipped Trog.
Trog was pleased with you.
You visited 1 branch of the dungeon, and saw 4 of its levels.

You collected 284 gold pieces.

Inventory:

Hand Weapons
 a - a +0 hand axe
 m - a +0 war axe (weapon)
 t - a +1 flail of holy wrath
Armour
 b - a +0 animal skin
 f - an orb of wrath
 i - a +1 cloak (worn)
 j - a scarf of resistance
 q - a +0 scale mail (worn)
Wands
 n - a wand of light (5)
Scrolls
 c - 4 scrolls of identify {unknown}
 k - a scroll of fog {unknown}
 l - a scroll of fear {unknown}
 o - a scroll of acquirement {unknown}
 r - a scroll of brand weapon {unknown}
Potions
 d - a potion of heal wounds {unknown}
 e - a potion of haste {unknown}
 g - a potion of berserk rage {unknown}
 h - a potion of might {unknown}
 p - 2 potions of mutation {unknown}
 s - a potion of degeneration {unknown}


   Skills:
 - Level 3.6 Fighting
 + Level 7.0 Axes
 - Level 2.4 Armour
 - Level 2.1 Dodging


You had 4 spell levels left.
You didn't know any spells.
Your spell library was empty.

Dungeon Overview and Level Annotations

Branches:
Dungeon (4/15)             Temple (0/1) D:4

Altars:


Innate Abilities, Weirdness & Mutations

You have a pair of horns on your head.
You reflexively headbutt those who attack you in melee.


Message History

Trog accepts your kill.
Found a war axe and a book of Alchemy.
You now have 240 gold pieces (gained 12).
You now have 252 gold pieces (gained 12).
You now have 267 gold pieces (gained 15).
Found 5 stones.
You now have 284 gold pieces (gained 17).
A giant cockroach comes into view.
A giant cockroach is nearby!
An ogre comes into view. It is wielding a +0 giant spiked club.
Found an escape hatch in the floor.
The ogre shouts!
A hound comes into view.
The hound barks!
The giant cockroach bites you. The giant cockroach barely misses you.
You barely miss the giant cockroach. The giant cockroach bites you.
You closely miss the giant cockroach. You headbutt the giant cockroach.
You kill the giant cockroach!
Trog accepts your kill. The hound bites you but does no damage.
You throw a javelin. The javelin barely misses the hound.
The javelin pierces through the ogre!
The ogre is moderately wounded.
The hound bites you but does no damage. The hound bites you.
You throw a javelin. The javelin pierces through the ogre.
The ogre is moderately wounded.
The hound bites you. The hound bites you but does no damage.
The ogre hits you with a +0 giant spiked club!!
Ouch! That really hurt!
* * * LOW HITPOINT WARNING * * *
The hound barely misses you. You furiously retaliate!
You headbutt the hound!
Okay, then.
Okay, then.
Your skin crawls.
You feel strong-willed. The hound bites you.
* * * LOW HITPOINT WARNING * * *
The ogre hits you with a +0 giant spiked club!!
Ouch! That really hurt!
You die...

...........##.....# #........>..
..###.............####..........
. ............................
................###..........
..##.##.##......####..........
#.# ## ....>.......##..........
.###...##..#<......#...
#....###........###..
#.#.@..........###<..
#..#hO##......(.###...
#......#........##..##
....................#.
..................#...##
..................#.#..#
#(..>.........##.##.#...
###..#.(......#..##...##
...#.......##.


You could see an ogre and a hound.

Vanquished Creatures
  Ijyb (D:4)
  An iguana (D:4)
  4 adders
  A worm (D:2)
  A dart slug (D:1)
  An orc (D:3)
  6 bats
  3 endoplasms
  6 giant cockroaches
  6 jackals (D:4)
  3 quokkas
  5 ball pythons
  3 frilled lizards
  2 goblins
  8 kobolds
  5 rats
56 creatures vanquished.

Notes
Turn   | Place    | Note
-------+----------+-------------------------------------------
     0 | D:1      | cheesebisquit the Minotaur Berserker began the quest for
                  | the Orb.
     0 | D:1      | Reached XP level 1. HP: 19/19 MP: 0/0
   310 | D:1      | Reached skill level 4 in Axes
   391 | D:1      | Reached XP level 2. HP: 26/26 MP: 1/1
   999 | D:2      | Reached skill level 5 in Axes
  1076 | D:2      | Reached XP level 3. HP: 19/31 MP: 2/2
  1222 | D:2      | Reached ** piety under Trog
  2011 | D:3      | Reached skill level 6 in Axes
  2011 | D:3      | Reached XP level 4. HP: 39/39 MP: 3/3
  2263 | D:4      | Noticed Ijyb
  2275 | D:4      | Killed Ijyb
  2276 | D:4      | Reached skill level 7 in Axes
  2276 | D:4      | Reached XP level 5. HP: 24/45 MP: 4/4
  2385 | D:4      | Found a staircase to the Ecumenical Temple.
  2453 | D:4      | Noticed an ogre
  2459 | D:4      | Demolished by an ogre

Illustrated notes

Levels and vault maps discovered:
D:1:      dpeg_arrival_rooms_c, layout_loops_corners
D:2:      layout_rooms
D:3:      layout_basic, serial_bayou_crossing
D:4:      layout_cave_pools, minmay_temple_entry_offerings, uniq_edmund,
          uniq_ijyb

Skill      XL: |  1  2  3  4 |
---------------+-------------+-----
Axes           | 4 5 6 7 |  7.0
Fighting       | |  3.6
Armour         | |  2.4
Dodging        | |  2.1

Action                     |  1- 3 |  4- 6 || total
---------------------------+-------+-------++-------
  Melee: Hand axe          |    80 |       ||    80
         Headbutt          |     7 |     3 ||    10
         War axe           |    21 |    21 ||    42
  Throw: Javelin           |     2 |     4 ||     6
 Invoke: Trog's Hand       |       |     1 ||     1
 Armour: Animal skin       |    25 |       ||    25
         Scale mail        |     6 |    14 ||    20
  Dodge: Dodged            |    61 |    13 ||    74

Table legend: (Time is in decaauts)
 A = Elapsed time spent in this place.
 B = Non-inter-level travel time spent in this place.
 C = Inter-level travel time spent in this place.
 D = Time resting spent in this place.
 E = Time spent auto-exploring this place.
 F = Levels seen in this place.
 G = Mean time per level.
                   A        B        C        D        E       F      G
               +--------+--------+--------+--------+--------+-----+--------+
         Total |   2483 |   2274 |    209 |      0 |   1895 |   4 |  620.8 |
       Dungeon |   2483 |   2274 |    209 |      0 |   1895 |   4 |  620.8 |
               +--------+--------+--------+--------+--------+-----+--------+

Top non-repeatable levels by time:
     D:1: 951 daAuts
     D:3: 776 daAuts
     D:2: 532 daAuts
     D:4: 223 daAuts
